 Dungeon Crawl Stone Soup version 0.29.1-15-g9cfb28693d (console) character file.

Game seed: 14669489869880080188

6753 om the Cleaver (level 10, 0/91 HPs)
             Began as a Minotaur Fighter on Apr 24, 2023.
             Was a Priest of Qazlal.
             Killed from afar by an efreet (6 damage)
             ... with a bolt of fire
             ... on level 9 of the Dungeon.
             The game lasted 00:19:13 (10040 turns).

om the Cleaver (Minotaur Fighter)                  Turns: 10040, Time: 00:19:13

Health: 0/91       AC: 11    Str: 25    XL:     10   Next: 75%
Magic:  13/13      EV: 12    Int:  5    God:    Qazlal [***...]
Gold:   433        SH: 13    Dex: 10    Spells: 9/9 levels left

rFire   + . .      SeeInvis .   a - +0 war axe
rCold   . . .      Faith    .   p - +1 kite shield
rNeg    . . .      Spirit   .   h - +0 chain mail
rPois   .          Reflect  .   (helmet restricted)
rElec   .          Harm     .   (no cloak)
rCorr   .          Rampage  .   (no gloves)
Will    .....                   (no boots)
Stlth   ..........              (no amulet)
HPRegen 0.25/turn               q - +4 ring of evasion
MPRegen 0.13/turn               d - ring of protection from fire

@: no status effects
A: horns 2, retaliatory headbutt
a: Renounce Religion, Upheaval, Elemental Force


You were on level 9 of the Dungeon.
You worshipped Qazlal.
Qazlal was most pleased with you.
You visited 1 branch of the dungeon, and saw 9 of its levels.

You collected 513 gold pieces.
You spent 80 gold pieces at shops.

Inventory:

Hand Weapons
 a - a +0 war axe (weapon)
Missiles
 z - 2 throwing nets (quivered)
Armour
 b - a +0 scale mail
 c - a +0 buckler
 h - a +0 chain mail (worn)
 p - a +1 kite shield (worn)
Jewellery
 d - a ring of protection from fire (right hand)
 l - a +6 ring of intelligence
 q - a +4 ring of evasion (left hand)
 r - a ring of fire
 v - a ring of fire
 y - a ring of poison resistance
 G - a ring of ice
Wands
 x - a wand of flame (26)
 C - a wand of polymorph (9)
Scrolls
 e - a scroll of torment {unknown}
 g - 4 scrolls of fear
 k - 6 scrolls of teleportation
 n - 4 scrolls of vulnerability
 s - a scroll of fog {unknown}
 t - a scroll of enchant armour
 u - a scroll of poison {unknown}
Potions
 f - 2 potions of resistance
 i - a potion of mutation {unknown}
 j - 2 potions of flight
 m - a potion of haste
 o - 2 potions of curing
 w - a potion of might
 A - a potion of brilliance {unknown}
 D - 2 potions of cancellation {unknown}
 E - a potion of ambrosia {unknown}
 F - a potion of heal wounds {unknown}


   Skills:
 - Level 9.0 Fighting
 + Level 12.5 Axes
 - Level 10.0 Armour
 - Level 4.0 Dodging
 - Level 5.0 Shields
 - Level 6.0 Invocations


You had 9 spell levels left.
You didn't know any spells.
Your spell library contained the following spells:

 Spells                   Type           Power      Damage    Failure   Level
 Blink                    Tloc           0%         N/A       100%        2
 Ensorcelled Hibernation  Hex/Ice        0%         N/A       100%        2
 Passwall                 Tmut/Erth      0%         N/A       100%        2
 Swiftness                Air            0%         N/A       100%        3
 Alistair's Intoxication  Tmut/Pois      0%         N/A       100%        5
 Borgnjor's Vile Clutch   Necr/Erth      0%         N/A       100%        5
 Iskenderun's Battlesphe  Conj           0%         2d6       100%        5
 Manifold Assault         Tloc           0%         N/A       100%        5
 Eringya's Noxious Bog    Tmut/Pois      0%         N/A       100%        6
 Disjunction              Tloc           0%         N/A       100%        8


Dungeon Overview and Level Annotations

Branches:
Dungeon (9/15)             Temple (0/1) D:6            Lair (0/5) D:9
    Orc: D:9-12

Altars:
Cheibriados
Dithmenos
Elyvilon
Fedhas
Gozag
Hepliaklqana
Kikubaaqudgha
Makhleb
Nemelex Xobeh
Okawaru
Qazlal
Sif Muna
Trog
Yredelemnul
The Shining One

Shops:
D:2 ?   D:8 (

Annotations:
D:4 1 runed translucent door, valliere's ghost, amateur OpHu


Innate Abilities, Weirdness & Mutations

You have a pair of horns on your head.
You reflexively headbutt those who attack you in melee.


Message History

The efreet hits you with a +2 scimitar of flaming!
* * * LOW HITPOINT WARNING * * *
The efreet burns you.
* * * LOW HITPOINT WARNING * * *
You feel better. You block the efreet's attack.
Aiming: Upheaval
Press: ? - help, Dir - move target, f - efreet
Aim: an efreet, wielding a +2 scimitar of flaming (moderately wounded) That beam is likely to hit you.
Continue anyway?
Okay, then.
As you read the scroll of summoning, it crumbles to dust.
Wisps of shadow whirl around you... The efreet gestures at you.
The fireball explodes!
The fireball engulfs you. You resist.
* * * LOW HITPOINT WARNING * * *
The fireball engulfs your gnoll bouda!!
Your gnoll bouda dies!
Your gnoll bouda's corpse dissolves into shadows!
The fireball engulfs the efreet.
The efreet completely resists.
Your centaur hits the efreet but does no damage.
Your centaur kicks the efreet but does no damage.
The efreet gestures at you. The bolt of fire hits you! You resist.
* * * LOW HITPOINT WARNING * * *
The bolt of fire hits your gnoll!!!
Your gnoll dies!
Your gnoll's corpse dissolves into shadows!
Your steam dragon bites the efreet.
Your steam dragon claws the efreet but does no damage.
Things that are here:
a +0 dagger; a +0 robe; an orc corpse You swap places.
Your centaur hits the efreet but does no damage.
Your centaur kicks the efreet.
The efreet gestures at you. The bolt of fire hits your gnoll!!
Your gnoll dies!
Your gnoll's corpse dissolves into shadows!
The bolt of fire hits you. You resist.
You die...

#. . # . # #.#. ##.
##.#.#### ... #.#.#..g# #.#
# #..#T#.g####D#.#.# #.. #
##...#.#g.)†Rc....#.#..###
#.....#.#@#######.........
#.#..#.#.#.#....P#.........
#.##...#.#)###.#.........
o.. #.#...'.#['.#.........
##. ##.#.#÷#.###.#.........
.# #..#.#.#P...P#.........
## ..#.....#######.........
........................
..######.................


You could see an efreet (ally target), a friendly steam dragon (summoned), a
friendly centaur (summoned) and 3 friendly gnolls.

Vanquished Creatures
  A two-headed ogre (D:9)
  Pikel (D:7)
  A deep elf pyromancer (D:9)
  Maggie (D:6)
  2 trolls (D:9)
  2 slime creatures (D:9)
  Grinder (D:4)
  4 yaks (D:9)
  2 wyverns (D:7)
  Eustachio (D:4)
  An acid dragon (D:8)
  Menkaure (D:4)
  2 orc warriors (D:9)
  3 ice beasts
  A sky beast (D:6)
  A black bear (D:7)
  3 ogres
  3 lemures (D:7)
  4 bullfrogs
  2 necrophages
  2 scorpions
  10 killer bees
  3 howler monkeys
  4 jellies
  A gnoll bouda (D:8)
  3 orc priests
  8 orc wizards
  6 iguanas
  Robin (D:2)
  6 gnolls
  10 adders
  A shadow imp (D:8)
  A worm (D:2)
  5 dart slugs
  26 orcs
  4 ball pythons
  8 endoplasms
  4 giant cockroaches
  9 goblins
  10 hobgoblins
  7 jackals
  5 quokkas
  8 bats
  A frilled lizard (D:3)
  4 kobolds
  4 rats (D:3)
  A rat zombie (D:5)
  A spectral orc (D:5)
190 creatures vanquished.

Vanquished Creatures (others)
  A hydra (D:9)
  11 fungi (D:9)
  25 plants
37 creatures vanquished.

Grand Total: 227 creatures vanquished

Notes
Turn   | Place    | Note
-------+----------+-------------------------------------------
     0 | D:1      | om the Minotaur Fighter began the quest for the Orb.
     0 | D:1      | Reached XP level 1. HP: 19/19 MP: 0/0
   209 | D:1      | Reached XP level 2. HP: 24/27 MP: 1/1
   360 | D:1      | Reached skill level 3 in Axes
   872 | D:1      | Found a faded altar of an unknown god.
   951 | D:2      | Noticed Robin
   954 | D:2      | Reached XP level 3. HP: 33/33 MP: 2/2
  1009 | D:1      | Reached skill level 1 in Dodging
  1016 | D:2      | Killed Robin
  1291 | D:2      | Found Buneisol's Magic Scroll Boutique.
  1295 | D:2      | Bought a scroll of identify for 20 gold pieces
  1295 | D:2      | Bought a scroll of identify for 20 gold pieces
  1295 | D:2      | Bought a scroll of identify for 20 gold pieces
  1295 | D:2      | Bought a scroll of identify for 20 gold pieces
  1570 | D:2      | Reached XP level 4. HP: 27/40 MP: 3/3
  2000 | D:3      | Found a stormy altar of Qazlal.
  2012 | D:3      | Became a worshipper of Qazlal Stormbringer
  2089 | D:3      | Reached skill level 4 in Axes
  2225 | D:3      | Got the Almanac of the Combative Tesseract
  2282 | D:3      | Found a burning altar of Makhleb.
  2326 | D:3      | Reached XP level 5. HP: 46/47 MP: 4/4
  2388 | D:3      | Found a snail-covered altar of Cheibriados.
  2494 | D:3      | Reached * piety under Qazlal
  2697 | D:4      | Noticed Eustachio
  3005 | D:4      | Killed Eustachio
  3006 | D:4      | Reached XP level 6. HP: 55/55 MP: 5/5
  3027 | D:4      | Found an iron altar of Okawaru.
  3089 | D:4      | Reached skill level 5 in Axes
  3089 | D:4      | Noticed Grinder
  3094 | D:4      | Paralysed by Grinder for 5 turns
  3112 | D:4      | Killed Grinder
  3113 | D:4      | Reached skill level 5 in Fighting
  3113 | D:4      | Reached skill level 5 in Armour
  3113 | D:4      | Reached skill level 5 in Shields
  3265 | D:4      | Found a runed translucent door.
  3266 | D:4      | Noticed valliere's ghost (amateur OpHu)
  3266 | D:4      | Noticed a sky beast
  3282 | D:4      | Found a white marble altar of Elyvilon.
  3390 | D:4      | Reached XP level 7. HP: 61/61 MP: 6/6
  3452 | D:4      | Noticed a shadow
  3453 | D:4      | Found a shadowy altar of Dithmenos.
  3457 | D:4      | Reached skill level 6 in Axes
  3503 | D:4      | Found a hazy altar of Hepliaklqana.
  3576 | D:4      | Noticed Menkaure
  3584 | D:4      | Killed Menkaure
  4023 | D:5      | Entered Level 5 of the Dungeon
  4304 | D:5      | Found an opulent altar of Gozag.
  4493 | D:5      | Reached skill level 7 in Axes
  4691 | D:5      | Reached XP level 8. HP: 70/70 MP: 7/7
  4805 | D:5      | Found an ancient bone altar of Kikubaaqudgha.
  4849 | D:5      | Found a shimmering blue altar of Sif Muna.
  4951 | D:5      | Reached ** piety under Qazlal
  5476 | D:5      | Reached skill level 8 in Axes
  5520 | D:5      | Found a basalt altar of Yredelemnul.
  5833 | D:6      | Found a staircase to the Ecumenical Temple.
  5901 | D:6      | Found a bloodstained altar of Trog.
  5945 | D:6      | Noticed Maggie
  5957 | D:6      | Killed Maggie
  5958 | D:6      | Reached skill level 10 in Axes
  5958 | D:6      | Reached skill level 1 in Invocations
  6843 | D:7      | Reached XP level 9. HP: 49/75 MP: 9/11
  6856 | D:7      | Noticed Pikel
  6872 | D:7      | Killed Pikel
  6873 | D:7      | Reached skill level 5 in Invocations
  7204 | D:7      | Found a blossoming altar of Fedhas.
  7738 | D:8      | Found Tyol's Antique Weapon Boutique.
  8216 | D:8      | Found a glowing golden altar of the Shining One.
  8962 | D:9      | Reached *** piety under Qazlal
  8980 | D:9      | Reached XP level 10. HP: 78/88 MP: 12/12
  9041 | D:9      | Noticed a two-headed ogre
  9048 | D:9      | Killed a two-headed ogre
  9049 | D:9      | Reached skill level 10 in Armour
  9154 | D:9      | Reached skill level 11 in Axes
  9222 | D:9      | Found a staircase to the Lair.
  9695 | D:9      | Found a sparkling altar of Nemelex Xobeh.
  9803 | D:9      | Noticed a deep elf pyromancer
  9815 | D:9      | Killed a deep elf pyromancer
  9816 | D:9      | Reached skill level 12 in Axes
 10032 | D:9      | Noticed a five-headed hydra
 10034 | D:9      | Killed a five-headed hydra
 10040 | D:9      | Killed from afar by an efreet

Illustrated notes

Levels and vault maps discovered:
D:1:      ncdulo_wetmaze, layout_loops_ring,
          dreamdust_ecumenical_altar_hidden_monk_grotto
D:2:      layout_loops_cross, serial_shops, shop, kennysheep_generic_room_2,
          uniq_robin
D:3:      minmay_octagon_keep, layout_basic, bloody_makhleb,
          grunt_qazlal_clouds, mainiacjoe_overflow_surrounded_room
D:4:      layout_loops_corners, riverfiend_overflow_shadow_ancestor,
          general_overflow_altar, elyvilon_altar_4, ebering_ghost_inner_flame,
          uniq_eustachio, uniq_menkaure, uniq_grinder
D:5:      layout_loops_ring, yredelemnul_forgotten_temple_becter,
          nicolae_gozag_cash_rules_everything_around_me,
          nicolae_sif_muna_little_library, lemuel_zombie_altar_kikubaaqudgha,
          chequers_hall_statues_y
D:6:      layout_layer_cave, lemuel_tele_altar,
          minmay_temple_entry_proselytizer, uniq_maggie
D:7:      layout_rooms, fedhas_altar_1, uniq_pikel
D:8:      layout_rooms, overflow_temple_1_default, serial_corexii_hall,
          chequers_hall_statues_wall_a, corexii_hall_statues_i,
          chequers_hall_statues_corner_a, chequers_hall_statues_corner_a,
          chequers_hall_statues_y, chequers_hall_statues_y, serial_shops,
          nicolae_shop_crystal
D:9:      layout_rooms, kennysheep_mini_moat, grunt_lair_entry_orc_guard_hut,
          minmay_shattered_shrine

Skill      XL: |  1  2  3  4  5  6  7  8  9 10 |
---------------+-------------------------------+-----
Axes           | 3 4 5 7 10 12 | 12.5
Dodging        | 1 2 3 4 |  4.0
Fighting       | 4 5 6 8 9 |  9.0
Shields        | 4 5 |  5.0
Armour         | 4 5 6 9 10 | 10.0
Invocations    | 4 5 6 |  6.0

Action                   |  1- 3 |  4- 6 |  7- 9 | 10-12 || total
-------------------------+-------+-------+-------+-------++-------
Melee: War axe           |    89 |    99 |   272 |    87 ||   547
       Headbutt          |    13 |    21 |    48 |    16 ||    98
Invok: Upheaval          |       |       |     1 |     2 ||     3
  Use: Scroll            |     7 |     3 |     4 |     2 ||    16
       Potion            |       |     2 |       |     1 ||     3
Armor: Scale mail        |    54 |    32 |    30 |       ||   116
       Chain mail        |       |       |    49 |    21 ||    70
Dodge: Dodged            |    44 |    29 |   116 |    40 ||   229
Block: Buckler           |    26 |       |       |       ||    26
       Kite shield       |    12 |    42 |   171 |    67 ||   292
